Map: Dusk Towers

Players

SolloSnipeR

  • Race: Terran Terran
  • League: Master

Florencio - Winner!

  • Race: Protoss Protoss
  • League: Diamond

VOD

Have the link to the VOD?

Description

Time

  • Played on: Oct. 14, 2016, 1:10 a.m.
  • Length: 5:24
Show
View Real Time Build Order
Export as new Build Order

SolloSnipeR Terran 

Build Orders: Reaper Expand 

Get SALT Encoding   

  12  0:02  SCV  
  13  0:14  SCV  
  13  0:18  Supply Depot  
  14  0:26  SCV  
  15  0:29  Refinery  
  15  0:40  SCV  
  16  0:46  Barracks  
  16  0:52  SCV  
  17  1:04  SCV  
  18  1:18  SCV  
  19  1:34  Orbital Command, Reaper  
  20  1:44  Command Center  
  20  1:55  Supply Depot  
  20  2:00  SCV  
  21  2:06  Factory  
  21  2:12  SCV, Barracks Reactor  
  22  2:24  SCV  
  22  2:25  Refinery  
  22  2:38  SCV  
  23  2:50  SCV  
  24  2:54  Starport  
  24  2:55  Widow Mine, Marine  
  24  2:57  Marine  
  28  3:05  SCV  
  30  3:10  Orbital Command  
  29  3:15  Marine x2  
  29  3:18  SCV  
  32  3:24  Widow Mine  
  34  3:30  SCV  
  34  3:31  Medivac  
  34  3:33  Marine x2  
  39  3:40  SCV  
  40  3:43  SCV  
  40  3:46  Supply Depot  
  40  3:47  Engineering Bay  
  41  3:51  Marine  
  41  3:52  Marine  
  43  3:58  SCV x2  
  43  4:02  Supply Depot, Liberator  
  44  4:16  SCV  
  43  4:20  Marine  
  46  4:25  Supply Depot x2  
  46  4:29  Widow Mine  
  30  5:07  SCV x2  
Show
View Real Time Build Order
Export as new Build Order

Florencio Protoss - Winner!

Build Orders:  

Get SALT Encoding   

  12  0:01  Probe (Chrono Boost)  
  13  0:11  Probe (Chrono Boost)  
  14  0:17  Pylon  
  14  0:23  Probe (Chrono Boost)  
  15  0:36  Probe (Chrono Boost)  
  15  0:38  Gateway  
  16  0:46  Probe (Chrono Boost)  
  17  0:50  Assimilator  
  18  0:57  Probe (Chrono Boost)  
  18  1:07  Probe (Chrono Boost)  
  18  1:09  Pylon  
  19  1:18  Probe (Chrono Boost)  
  20  1:20  Assimilator  
  20  1:28  Cybernetics Core, Probe (Chrono Boost)  
  21  1:38  Pylon  
  22  1:40  Probe (Chrono Boost)  
  22  1:50  Probe (Chrono Boost)  
  23  1:58  Gateway  
  23  2:05  Mothership Core (Chrono Boost)  
  25  2:08  Stalker  
  27  2:22  Gateway  
  27  2:29  Gateway  
  27  2:42  Gateway  
  27  2:46  Stalker  
  29  3:01  Pylon  
  29  3:09  Stalker  
  31  3:16  Stalker  
  31  3:17  Stalker  
  35  3:25  Stalker  
  37  3:39  Stalker  
  39  3:46  Stalker  
  39  3:48  Stalker  
  43  4:01  Pylon  
  43  4:02  Pylon  
  43  4:05  Adept  
  41  4:40  Adept  
  41  4:43  Adept x3  
Tags
 
Add a new tag
Caveats
  • Supply blocks, unpowered buildings, or Contaminate may cause inaccurate times.
  • Supply counts are checked every 10 seconds.